 Dungeon Crawl Stone Soup version 0.30-a0-475-g03497ec522 (webtiles) character file.

Game seed: 3869707907409188617

9828 StrungSween10 the Thaumaturge (level 11, -8/108 HPs)
             Began as a Human Conjurer on Dec 20, 2022.
             Mangled by a yak (12 damage)
             ... on level 9 of the Dungeon.
             The game lasted 01:28:16 (22597 turns).

StrungSween10 the Thaumaturge (Human Conjurer)     Turns: 22597, Time: 01:28:17

Health: -8/108     AC: 25    Str:  8    XL:     11   Next: 81%
Magic:  4/27       EV:  2    Int: 22    God:
Gold:   724        SH:  0    Dex: 12    Spells: 17/34 levels left

rFire   . . .      SeeInvis .    t - +1 dagger (venom)
rCold   . . .      Faith    .    (no shield)
rNeg    . . .      Spirit   .    (body armour currently unavailable)
rPois   +          Reflect  .    (helmet currently unavailable)
rElec   .          Harm     .    (cloak currently unavailable)
rCorr   .          Rampage  .    (gloves currently unavailable)
Will    .....      NoTele   +    (boots currently unavailable)
Stlth   ++........               (no amulet)
HPRegen 0.38/turn                y - ring of flight
MPRegen 0.20/turn                (no ring)

@: tree-form
A: stationary, stasis, torment immunity, boosted hp
a: no special abilities


You were on level 9 of the Dungeon.
You were a tree.
You visited 2 branches of the dungeon, and saw 10 of its levels.
You also visited: Bailey.

You collected 724 gold pieces.

Inventory:

Hand Weapons
 k - the +1 trident of Liavy {drain, Dex+4 Stlth+}
   (You took it off Sigmund on level 3 of the Dungeon)

   A truly terrible weapon, it drains the life of any living foe it strikes.
   Dex:       It affects your dexterity (+4).
   Stlth:     It makes you more stealthy.
 r - a +0 morningstar of flaming
 t - a +1 dagger of venom (weapon)
Armour
 a - a +0 robe
 i - a +0 pair of gloves (melded)
 l - a +0 cloak
 s - +5 steam dragon scales (melded)
 v - a +2 cloak (melded)
Jewellery
 y - a ring of flight (left branch)
Wands
 g - a wand of flame (17)
 o - a wand of paralysis (1)
 x - a wand of polymorph (8)
 B - a wand of mindburst (18)
Scrolls
 e - 3 scrolls of amnesia
 h - a scroll of immolation
 j - a scroll of fog
Potions
 b - a potion of cancellation
 c - a potion of lignification
 d - 3 potions of might
 f - 2 potions of flight
 m - 2 potions of mutation
 n - a potion of heal wounds {unknown}
 p - 2 potions of brilliance
Miscellaneous
 A - a phantom mirror


   Skills:
 + Level 2.3 Fighting
 + Level 4.6 Dodging
 - Level 2.4 Stealth
 + Level 1.0 Unarmed Combat
 * Level 12.2 Spellcasting
 + Level 9.8 Conjurations
 + Level 1.8 Hexes
 + Level 3.0 Translocations
 + Level 4.1 Earth Magic
 + Level 1.1 Evocations


You had 17 spell levels left.
You knew the following spells:

 Your Spells              Type           Power      Damage    Failure   Level
a - Magic Dart            Conj           100%       1d8       1%          1
b - Searing Ray           Conj           100%       2d8       1%          2
c - Stone Arrow           Conj/Erth      88%        3d12      1%          3
d - Iskenderun's Mystic   Conj/Tloc      41%        2d9       3%          4
e - Gell's Gravitas       Tloc           27%        N/A       4%          3
f - Fulminant Prism       Conj/Hex       19%        3d10      4%          4

Your spell library contained the following spells:

 Spells                   Type           Power      Damage    Failure   Level
 Sandblast                Erth           62%        2d14      1%          1
 Shock                    Conj/Air       100%       1d9       1%          1
 Dazzling Flash           Conj/Hex       78%        N/A       1%          3
 Passwall                 Tmut/Erth      18%        N/A       3%          2
 Lesser Beckoning         Tloc           54%        N/A       4%          3
 Teleport Other           Tloc           27%        N/A       4%          3
 Swiftness                Air            13%        N/A       14%         3
 Leda's Liquefaction      Hex/Erth       13%        N/A       14%         4
 Cause Fear               Hex            10%        N/A       22%         4
 Lee's Rapid Deconstruct  Erth           15%        3d10*     24%         5
 Airstrike                Air            6%         2d(1-17)  43%         4
 Dispersal                Tloc           13%        N/A       91%         6
 Statue Form              Tmut/Erth      14%        N/A       97%         6
 Dragon Form              Tmut           6%         N/A       100%        7
 Dragon's Call            Summ           6%         N/A       100%        9


Dungeon Overview and Level Annotations

Branches:
Dungeon (9/15)             Temple (1/1) D:5          Bailey (visited)
   Lair: D:8-11         Orc: D:9-12

Altars:
Ashenzari
Cheibriados
Dithmenos
Elyvilon
Fedhas
Hepliaklqana
Kikubaaqudgha
Makhleb
Okawaru
Ru
Sif Muna
Trog
Wu Jian
Xom
Yredelemnul
Zin

Shops:
D:8 (

Portals:
Abyss: D:4

Annotations:
D:4 1 transporter, tilp's ghost, weakling MeFi
D:5 3 runed translucent doors, Carabas's ghost, novice TrBe
D:7 Dowan; Duvessa


Message History

You hear a bellow! x2
A yak comes into view.
You hit the yak.
The yak is heavily wounded.
The yak gores you but does no damage. x2
The yak gores you.
* * * LOW HITPOINT WARNING * * *
The yak gores you but does no damage.
A yak comes into view.
The yak gores you.
* * * LOW HITPOINT WARNING * * *
The yak gores you but does no damage. The yak gores you!
* * * LOW HITPOINT WARNING * * *
The yak gores you!
* * * LOW HITPOINT WARNING * * *
As you read the scroll of fog, it crumbles to dust.
The scroll dissolves into smoke.
Okay, then.
Okay, then.
The yak gores you but does no damage. The yak gores you but does no damage.
The yak gores you.
* * * LOW HITPOINT WARNING * * *
The yak gores you.
* * * LOW HITPOINT WARNING * * *
This is a scroll of acquirement!
Something appears at your feet!
The yak gores you but does no damage. x4
As you read the scroll labelled KUZEET ELEISU, it crumbles to dust.
It is a scroll of enchant weapon.
Really abort (and waste the scroll)?
Okay, then.
The yak bellows!
You hear a bellow!
The yak gores you but does no damage. The yak gores you.
* * * LOW HITPOINT WARNING * * *
The yak gores you but does no damage. x2
Unknown command.
Unknown command.
Unknown command.
The yak gores you but does no damage. The yak gores you!
You die...

##....#.###..>.# #.
#>)............# #.
#)####.........# #.
.)).....#..#....# #.
###.#######.#....# #.
#.# #.<....# #. ##§##
##.#######. ... #§Y§#
#...## #.. #... #YY♣#
###.)###.# #.Y##§YY#
#####.#...# #..§Y###
##.........#
####Y.######..###......
##....Y...######.##.
###......§)....[# #
#<#########Y..###
####.#########.#....
#.................).


You could see 6 yaks.

Vanquished Creatures
  A manticore (D:7)
  Maurice (D:8)
  Maggie (D:6)
  A troll (D:7)
  Sigmund (D:3)
  A wraith (D:9)
  11 yaks
  A vampire (D:9)
  Eustachio (D:6)
  4 humans (D:7)
  2 water moccasins
  11 orc warriors
  4 sky beasts
  4 black bears
  4 ice beasts
  2 ogres
  15 centaurs
  2 kobold brigands
  3 phantoms
  4 bullfrogs
  6 scorpions
  A water moccasin zombie (D:5)
  A wight (D:7)
  2 killer bees (D:7)
  5 hounds
  4 jellies
  4 orc priests
  5 iguanas
  11 orc wizards
  A howler monkey zombie (D:5)
  5 adders
  3 gnolls (D:5)
  A shadow imp (D:3)
  A white imp (D:5)
  3 ufetubi
  A worm (D:2)
  3 dart slugs
  57 orcs
  11 ball pythons
  7 endoplasms
  A giant cockroach (D:4)
  7 goblins
  5 hobgoblins
  4 jackals (D:5)
  2 quokkas
  3 bats (D:1)
  4 frilled lizards
  17 kobolds
  4 rats
  A bush (D:8)
  4 fulminant prisms
258 creatures vanquished.

Vanquished Creatures (others)
  An angel (D:4)
  A quokka (D:4)
  19 fulminant prisms
  3 plants (D:7)
24 creatures vanquished.

Grand Total: 282 creatures vanquished

Notes
Turn   | Place    | Note
-------+----------+-------------------------------------------
     0 | D:1      | StrungSween10 the Human Conjurer began the quest for the
                  | Orb.
     0 | D:1      | Reached XP level 1. HP: 13/13 MP: 3/3
   360 | D:1      | Reached XP level 2. HP: 19/19 MP: 1/5
   528 | D:1      | Learned a level 2 spell: Searing Ray
  1145 | D:1      | Reached XP level 3. HP: 24/24 MP: 4/6
  1899 | D:2      | Reached skill level 5 in Conjurations
  2642 | D:3      | Noticed Sigmund
  2783 | D:4      | Noticed an ogre
  2800 | D:4      | Killed an ogre
  2801 | D:4      | Reached XP level 4. HP: 30/30 MP: 1/7
  2801 | D:4      | Reached XP level 5. HP: 35/35 MP: 1/8
  2953 | D:4      | Killed an angel
  3054 | D:3      | Found a burning altar of Makhleb.
  3054 | D:3      | Noticed an Executioner
  4169 | D:3      | Reached XP level 6. HP: 37/41 MP: 2/10
  4192 | D:3      | Identified the +1 trident of Liavy {drain, Dex+4 Stlth+}
  4733 | D:3      | Killed Sigmund
  4734 | D:3      | Reached skill level 3 in Spellcasting
  4734 | D:3      | Reached XP level 7. HP: 47/47 MP: 3/12
  5050 | D:3      | Found a faded altar of an unknown god.
  5857 | D:4      | Found a white marble altar of Elyvilon.
  5878 | D:4      | Reached skill level 4 in Spellcasting
  6185 | D:4      | Found a glowing silver altar of Zin.
  6186 | D:4      | Found a shimmering altar of Xom.
  6234 | D:4      | Found a one-way gate to the infinite horrors of the Abyss.
  6234 | D:4      | Noticed tilp's ghost (weakling MeFi)
  6243 | D:4      | Found a transporter.
  6928 | D:4      | Found a shimmering blue altar of Sif Muna.
  6959 | D:5      | Entered Level 5 of the Dungeon
  7051 | D:5      | Reached skill level 5 in Spellcasting
  7128 | D:5      | Found a runed translucent gate.
  7128 | D:5      | Found a runed translucent gate.
  7128 | D:5      | Found a runed translucent gate.
  7128 | D:5      | Noticed Carabas's ghost (novice TrBe)
  7130 | D:5      | Found a basalt altar of Yredelemnul.
  7156 | D:5      | Reached XP level 8. HP: 35/53 MP: 6/15
  7172 | D:5      | Reached skill level 1 in Fighting
  7446 | D:5      | Learned a level 3 spell: Stone Arrow
  7646 | D:5      | Reached skill level 1 in Unarmed Combat
  7651 | D:5      | Reached skill level 6 in Spellcasting
  7821 | D:5      | Found a staircase to the Ecumenical Temple.
  8008 | Temple   | Entered the Ecumenical Temple
  9551 | D:5      | Reached skill level 7 in Spellcasting
  9551 | D:5      | Reached XP level 9. HP: 59/59 MP: 11/19
  9556 | D:5      | Learned a level 4 spell: Iskenderun's Mystic Blast
  9718 | D:6      | Reached skill level 1 in Earth Magic
  9989 | D:6      | Noticed Maggie
 11635 | D:6      | Killed Maggie
 11636 | D:6      | Reached skill level 8 in Spellcasting
 12206 | D:6      | Learned a level 3 spell: Gell's Gravitas
 12383 | D:6      | Noticed Eustachio
 12415 | D:6      | Killed Eustachio
 12996 | D:7      | Reached skill level 1 in Evocations
 13447 | D:7      | Reached XP level 10. HP: 66/66 MP: 4/22
 13449 | D:7      | Reached skill level 9 in Spellcasting
 13796 | D:7      | Reached skill level 1 in Translocations
 14031 | D:7      | Noticed a manticore
 14031 | D:7      | Noticed a deep elf pyromancer
 14892 | D:7      | Reached skill level 10 in Spellcasting
 15895 | D:7      | Found an ornate altar of the Wu Jian Council.
 16052 | D:7      | Noticed Dowan
 16074 | D:7      | Noticed Duvessa
 16445 | D:7      | Killed a manticore
 16446 | D:7      | Reached XP level 11. HP: 14/72 MP: 0/25
 16762 | D:8      | Noticed Maurice
 16793 | D:8      | Killed Maurice
 16949 | D:8      | Reached skill level 11 in Spellcasting
 17295 | D:8      | Found a flagged portal.
 17304 | Bailey   | Entered a bailey
 18664 | Bailey   | Learned a level 4 spell: Fulminant Prism
 18744 | Bailey   | Identified the +7 dire flail of the Equator {freeze, rElec
                  | Will+ MP+9 Int-5}
 20583 | D:8      | Identified the +3 ring mail "Mughawie" {Rampage Drain rN+
                  | Will+}
 20946 | D:8      | Found Dozy's Weapon Boutique.
 21075 | D:8      | Reached skill level 12 in Spellcasting
 21729 | D:9      | Found a hazy altar of Hepliaklqana.
 21736 | D:9      | Reached skill level 1 in Hexes
 22595 | D:9      | Identified a scroll of acquirement
 22595 | D:9      | Acquired a staff of earth
 22596 | D:9      | HP: 4/108 [yak (3)]
 22597 | D:9      | Mangled by a yak

Illustrated notes

Levels and vault maps discovered:
D:1:      tarquinn_simple_flora_water_d, layout_basic,
          chequers_serial_rivers_micro_d
D:2:      layout_basic
D:3:      layout_basic, makhleb_altar_promises_db,
          shapermc_ecumenical_altar_notcrosses, uniq_sigmund
D:4:      layout_basic, grunt_temple_overflow_order_and_chaos_1,
          elyvilon_altar_4, nicolae_overflow_hidden_temple,
          gammafunk_ghost_abyssal_escape, reono_crystal_passage
D:5:      layout_basic, nicolae_yredelemnul_ghost_church,
          minmay_temple_entry_statues_pillars, supply_closet_lemuel,
          chequers_serial_rivers_micro_e
D:6:      layout_loops_ring, uniq_maggie, uniq_eustachio
D:7:      nzn_winding_woodlands_medium [nzn_winding_woodlands_hourglass,
          nzn_winding_woodlands_5x15_pathside_ponds,
          nzn_winding_woodlands_5x5_three, nzn_winding_woodlands_5x5_default,
          nzn_winding_woodlands_center_lodge,
          nzn_winding_woodlands_5x5_closed_star,
          nzn_winding_woodlands_5x5_cross, nzn_winding_woodlands_5x15_jagged,
          nzn_winding_woodlands_5x5_open_star], layout_basic,
          mainiacjoe_overflow_tiny_flanked, minmay_ruffians, uniq_duvessa
D:8:      layout_basic, enter_bailey_1, serial_shops,
          nicolae_shop_bloodbath_and_beyond, kb_lookout_dungeons_type,
          uniq_maurice
D:9:      layout_rooms, mainiacjoe_overflow_alcove_4, nicolae_island_escapes
Temple:   nicolae_temple_great_sept

Skill      XL: |  1  2  3  4  5  6  7  8  9 10 11 |
---------------+----------------------------------+-----
Conjurations   | 5 6 7 8 9 |  9.8
Spellcasting   | 3 5 7 8 10 12 | 12.2
Fighting       | 1 2 |  2.3
Unarmed Combat | 1 |  1.0
Earth Magic    | 2 3 4 |  4.1
Dodging        | 3 4 |  4.6
Evocations     | 1 |  1.1
Translocations | 2 3 |  3.0
Hexes          | 1 |  1.8
Stealth        | |  2.4

Action                   |  1- 3 |  4- 6 |  7- 9 | 10-12 || total
-------------------------+-------+-------+-------+-------++-------
Melee: Unarmed           |     3 |     4 |       |       ||     7
       Dagger            |       |       |    16 |    81 ||    97
       Punch             |       |       |     1 |     3 ||     4
 Cast: Magic Dart        |    70 |    34 |   119 |   148 ||   371
       Searing Ray       |     3 |     7 |    18 |    21 ||    49
       Stone Arrow       |       |       |    50 |   131 ||   181
       Iskenderun's Myst |       |       |     7 |    19 ||    26
       Gell's Gravitas   |       |       |     5 |    19 ||    24
       Fulminant Prism   |       |       |       |    23 ||    23
Evoke: Wand              |       |       |     3 |     7 ||    10
  Use: Scroll            |     4 |     4 |    10 |    17 ||    35
       Potion            |     1 |       |     2 |     5 ||     8
Armor: Robe              |     2 |     1 |     9 |       ||    12
       Steam dragon scal |       |       |     9 |    59 ||    68
       Skin              |       |       |       |    36 ||    36
Dodge: Dodged            |    14 |    10 |    44 |   142 ||   210

Table legend: (Time is in decaauts)
 A = Elapsed time spent in this place.
 B = Non-inter-level travel time spent in this place.
 C = Inter-level travel time spent in this place.
 D = Time resting spent in this place.
 E = Time spent auto-exploring this place.
 F = Levels seen in this place.
 G = Mean time per level.
                   A        B        C        D        E       F      G
               +--------+--------+--------+--------+--------+-----+--------+
         Total |  22597 |  22367 |    230 |  14241 |   3421 |  11 | 2054.3 |
       Dungeon |  19807 |  19577 |    230 |  12465 |   3421 |   9 | 2200.8 |
        Temple |      8 |      8 |      0 |      0 |      0 |   1 |    8.0 |
        Bailey |   2780 |   2780 |      0 |   1776 |      0 |   1 | 2780.0 |
               +--------+--------+--------+--------+--------+-----+--------+

Top non-repeatable levels by time:
     D:7: 3814 daAuts
     D:6: 3227 daAuts
  Bailey: 2780 daAuts
     D:5: 2735 daAuts
     D:3: 2381 daAuts
     D:4: 1938 daAuts
     D:8: 1795 daAuts
     D:1: 1550 daAuts
     D:9: 1273 daAuts
     D:2: 1090 daAuts
  Temple: 8 daAuts
